 Dungeon Crawl Stone Soup version 0.16-a0-3367-g7c1b4ff (webtiles) character file.

161 avis the Sneak (level 5, -1/30 HPs)
             Began as a Kobold Assassin on Dec 31, 2014.
             Slain by a giant frog (9 damage)
             ... on level 3 of the Dungeon on Jan 1, 2015.
             The game lasted 00:19:09 (2526 turns).

avis the Sneak (Kobold Assassin)                    Turns: 2526, Time: 00:19:09

Health: -1/30      AC:  3    Str: 10    XL:     5   Next: 70%
Magic:  5/5        EV: 17    Int:  9    God:
Gold:   113        SH:  0    Dex: 18    Spells: 0 memorised, 4 levels left

rFire  . . .     SeeInvis .     a - +3 dagger
rCold  + . .     Clarity  .     c - +0 robe
rNeg   . . .     SustAb   .     (no shield)
rPois  .         Gourm    .     (no helmet)
rElec  .         Spirit   .     x - +0 cloak
rCorr  .         Warding  .     (no gloves)
rMut   .         Stasis   .     (no boots)
MR     .....                    (no amulet)
Stlth  ++++......               (no ring)
                                n - ring of protection from cold

@: not resistant to hostile enchantments, stealthy
A: carnivore 3
a: no special abilities


You were on level 3 of the Dungeon.
You were completely stuffed.

You visited 1 branch of the dungeon, and saw 3 of its levels.

You collected 113 gold pieces.

Inventory:

Hand weapons
 a - a +3 dagger (weapon)
 b - a +0 blowgun
 k - a +0 dagger
 m - a +2 hand axe of holy wrath
 q - a +0 short sword
 u - a +4 whip
 w - a +2 dagger
Missiles
 e - 3 poisoned needles
 f - 2 curare-tipped needles
 j - 10 sling bullets
 l - 58 arrows
 t - 4 stones (quivered)
 A - 7 bolts of penetration
Armour
 c - a +0 robe (worn)
 d - a +0 cloak
 x - a +0 cloak (worn)
Jewellery
 n - a ring of protection from cold (left hand)
Scrolls
 h - a scroll of blinking {unknown}
 i - a scroll of enchant armour {unknown}
 v - a scroll of magic mapping {unknown}
 y - a scroll of fear {unknown}
 z - 2 scrolls of identify {unknown}
Potions
 r - 2 potions of curing {unknown}
 s - 2 potions of might {unknown}
Comestibles
 g - 2 meat rations
 o - 2 beef jerkies
 p - 2 chunks of flesh


   Skills:
 - Level 2.1 Fighting
 * Level 3.6 Short Blades
 - Level 2.6 Throwing
 * Level 3.9 Dodging
 + Level 7.3 Stealth


You had 4 spell levels left.
You didn't know any spells.

Dungeon Overview and Level Annotations

Branches:
Dungeon (3/15)

Altars:
Cheibriados


Innate Abilities, Weirdness & Mutations

You are small and have problems with some larger weapons.
You are carnivorous and can eat meat at any time.


Message History

You hit the giant frog.
The giant frog is heavily wounded.
The giant frog misses you.
You barely miss the giant frog.
The giant frog is heavily wounded.
The giant frog hits you. The giant frog closely misses you.
You hit the giant frog.
The giant frog is severely wounded.
The giant frog hits you.
You barely miss the giant frog.
The giant frog is severely wounded.
The giant frog hits you.
* * * LOW HITPOINT WARNING * * *
You miss the giant frog.
The giant frog is severely wounded.
The giant frog completely misses you. The giant frog closely misses you.
You hit the giant frog.
The giant frog is almost dead.
The giant frog hits you!
You die...

####### .## ....... ..#
#.....###..# ..........#
########### ........#
.)<.....##..#####......#
........##.....F@......#
........###########....#
........##.............##.
#.......##..#####..........
#.......##.## ###########
#####......# ######.# #.#
#.#


You could see a giant frog.

Vanquished Creatures
  An ogre (D:2)
  2 adders (D:2)
  A worm (D:2)
  3 giant geckos
  7 bats
  2 giant cockroaches
  8 goblins
  9 hobgoblins
  2 jackals (D:1)
  A quokka (D:2)
  A ball python (D:2)
  5 giant newts
  6 kobolds
  3 rats
51 creatures vanquished.

Notes
Turn   | Place    | Note
--------------------------------------------------------------
     0 | D:1      | avis, the Kobold Assassin, began the quest for the Orb.
     0 | D:1      | Reached XP level 1. HP: 12/12 MP: 1/1
   294 | D:1      | Reached XP level 2. HP: 15/17 MP: 2/2
   625 | D:1      | Reached skill level 6 in Stealth
   738 | D:1      | Reached XP level 3. HP: 21/21 MP: 3/3
  1463 | D:2      | Reached XP level 4. HP: 26/26 MP: 4/4
  1554 | D:2      | Found a snail-covered altar of Cheibriados.
  2109 | D:2      | Noticed an ogre
  2153 | D:2      | Killed an ogre
  2153 | D:2      | Reached skill level 7 in Stealth
  2153 | D:2      | Reached XP level 5. HP: 30/30 MP: 5/5
  2526 | D:3      | Slain by a giant frog

Action                   |  1- 3 |  4- 6 || total
-------------------------+-------+-------++-------
Melee: Dagger            |    82 |    48 ||   130
 Fire: Blowgun           |    24 |     7 ||    31
 Stab: Sleeping          |     8 |     7 ||    15
       Distracted        |     1 |       ||     1
  Eat: Chunk             |    10 |     3 ||    13
